 Dungeon Crawl Stone Soup version 0.21-a0-444-g29a2fec (webtiles) character file.

1209 torrenera the Cleaver (level 8, -12/58 HPs)
             Began as a Formicid Fighter on Nov 17, 2017.
             Was an Initiate of Qazlal.
             Mangled by an orc warrior
             ... wielding a +0 dire flail
              (17 damage)
             ... on level 7 of the Dungeon.
             The game lasted 00:11:46 (6491 turns).

torrenera the Cleaver (Formicid Fighter)            Turns: 6491, Time: 00:11:47

Health: -12/58     AC:  9    Str: 27    XL:     8   Next: 74%
Magic:  0/8        EV:  8    Int:  9    God:    Qazlal [......]
Gold:   265        SH: 10    Dex: 10    Spells: 7/7 levels left

rFire    . . .     SeeInvis +   a - +0 war axe
rCold    . . .     Gourm    .   c - +0 shield
rNeg     + . .     Faith    .   F - +1 scale mail {rN+}
rPois    .         Spirit   +   (helmet unavailable)
rElec    .         Reflect  .   b - scarf {Spirit}
rCorr    +         Harm     .   (no gloves)
MR       .....                  v - +0 pair of boots
Stlth    ..........             (no amulet)
HPRegen  0.19/turn              i - ring of resist corrosion
MPRegen  0.11/turn              (no ring)

@: mighty
A: permanent stasis, dig shafts and tunnels, four strong arms, antennae 3
a: Dig, Shaft Self, Renounce Religion


You were on level 7 of the Dungeon.
You worshipped Qazlal.
Qazlal was noncommittal.
You were not hungry.

You visited 2 branches of the dungeon, and saw 8 of its levels.

You collected 265 gold pieces.

Inventory:

Hand Weapons
 a - a +0 war axe (weapon)
Missiles
 g - 134 stones (quivered)
Armour
 b - a scarf of spirit shield (worn)
 c - a +0 shield (worn)
 v - a +0 pair of boots (worn)
 F - a +1 scale mail of positive energy (worn)
Jewellery
 e - a +4 ring of dexterity {unknown}
 i - a ring of resist corrosion (left hand)
 n - an uncursed ring of fire
 A - a cursed ring of loudness {unknown}
 L - a cursed -3 ring of protection {unknown}
Wands
 E - a wand of polymorph (7/24)
 N - a wand of flame (39/48)
Scrolls
 h - 5 scrolls of identify {unknown}
 l - 2 scrolls of immolation {unknown}
 m - 3 scrolls of magic mapping {unknown}
 o - 2 scrolls of teleportation {unknown}
 p - 3 scrolls of remove curse {unknown}
 r - 2 scrolls of fog {unknown}
 u - a scroll of enchant weapon {unknown}
 w - 2 scrolls of recharging {unknown}
 y - a scroll of random uselessness {unknown}
 G - a scroll of vulnerability {unknown}
 I - a scroll of enchant armour {unknown}
 K - a scroll of fear {unknown}
Potions
 d - a potion of might
 j - a potion of magic {unknown}
 q - 2 potions of agility {unknown}
 s - 2 potions of heal wounds
 t - 2 potions of flight {unknown}
 x - 2 potions of curing
 z - 2 potions of lignification {unknown}
 C - a potion of ambrosia {unknown}
 D - a potion of brilliance {unknown}
 H - a potion of cancellation {unknown}
 J - 2 potions of mutation {unknown}
Books
 B - a book of Conjurations

   Spells                             Type                      Level
   a - Magic Dart                     Conjuration                  1
   b - Searing Ray                    Conjuration                  2
   c - Dazzling Spray                 Conjuration/Hexes            3
   d - Fulminant Prism                Conjuration/Hexes            4
   e - Force Lance                    Conjuration/Translocation    4
   f - Iskenderun's Mystic Blast      Conjuration                  4
Comestibles
 f - 6 bread rations
 k - 5 meat rations
 M - 2 chunks of flesh


   Skills:
 - Level 3.2 Fighting
 + Level 10.0 Axes
 - Level 3.2 Armour
 - Level 3.6 Shields
 * Level 0.7 Invocations


You had 7 spell levels left.
You didn't know any spells.

Dungeon Overview and Level Annotations

Branches:
Dungeon (7/15)             Temple (1/1) D:5

Altars:
Ashenzari
Cheibriados
Dithmenos
Elyvilon
Fedhas
Gozag
Hepliaklqana
Kikubaaqudgha
Makhleb
Nemelex Xobeh
Qazlal
Ru
Sif Muna
Trog
Uskayaw
Vehumet
Wu Jian
Xom
Yredelemnul
Zin
The Shining One

Shops:
D:6 (


Innate Abilities, Weirdness & Mutations

You cannot be hasted, slowed, berserked, paralysed or teleported.
You can dig through walls and to a lower floor.
Your four strong arms can wield two-handed weapons with a shield.
You have a pair of large antennae on your head. (SInv)


Message History

The orc wizard looks satisfied for a moment.
The orc warrior hits you with a dire flail!
You feel very mighty all of a sudden. The orc wizard barely misses you.
The orc warrior hits you with a dire flail!
You slice the orc warrior!!
The orc warrior is severely wounded.
You completely miss the orc wizard. You block the orc wizard's attack.
The orc warrior hits you with a dire flail!
* * * LOW HITPOINT WARNING * * *
You closely miss the orc warrior.
The orc warrior is severely wounded.
You hit the orc wizard.
The orc wizard drinks a potion.
The orc wizard is healed!
The orc warrior closely misses you.
You closely miss the orc warrior.
The orc warrior is severely wounded.
You barely miss the orc wizard.
The orc wizard hits you but does no damage.
The orc warrior hits you with a dire flail!!
You die...

.......<# ##..#
........#
#...#######
........#
#.#.#.....#
#.......#
#(#.....#
#..^....# #(#...#
#######.###(#(..#
#.....))..#
########..#
#.....@)#
#.#...oo.#
#......#
#.......#
...........
............#
......####...#
...... #.(#


You could see an orc warrior and an orc wizard.

Vanquished Creatures
  An ice beast (D:5)
  A sky beast (D:7)
  An ogre (D:6)
  4 centaurs
  A bullfrog (D:6)
  A crimson imp (D:6)
  2 hounds (D:5)
  3 orc priests
  Ijyb (D:5)
  A bullfrog skeleton (D:4)
  3 worker ants
  A hound skeleton (D:4)
  7 adders
  A shadow imp (D:4)
  An ooze (D:3)
  An adder skeleton (D:5)
  5 worms
  3 dart slugs
  7 leopard geckos
  19 orcs
  3 giant cockroaches
  8 goblins
  15 hobgoblins
  19 jackals
  9 kobolds
  3 quokkas
  6 ball pythons (D:1)
  9 bats
  4 frilled lizards
  A leopard gecko skeleton (D:6)
  8 rats
149 creatures vanquished.

Notes
Turn   | Place    | Note
-------+----------+-------------------------------------------
     0 | D:1      | torrenera the Formicid Fighter began the quest for the Orb.
     0 | D:1      | Reached XP level 1. HP: 18/18 MP: 1/1
   166 | D:1      | Reached XP level 2. HP: 19/24 MP: 2/2
   177 | D:1      | Reached skill level 3 in Axes
   230 | D:1      | Reached XP level 3. HP: 13/29 MP: 3/3
  1074 | D:1      | Reached skill level 4 in Axes
  1074 | D:1      | Reached XP level 4. HP: 35/35 MP: 4/4
  2201 | D:3      | Reached XP level 5. HP: 41/41 MP: 5/5
  2663 | D:3      | Reached skill level 5 in Axes
  3260 | D:4      | Reached XP level 6. HP: 31/47 MP: 4/6
  3363 | D:4      | Reached skill level 6 in Axes
  4169 | D:5      | Entered Level 5 of the Dungeon
  4193 | D:5      | Noticed Ijyb
  4223 | D:5      | Killed Ijyb
  4283 | D:5      | Reached skill level 7 in Axes
  4283 | D:5      | Reached XP level 7. HP: 46/52 MP: 7/7
  4730 | D:5      | Reached skill level 8 in Axes
  5050 | D:5      | Found a staircase to the Ecumenical Temple.
  5118 | Temple   | Entered the Ecumenical Temple
  5229 | Temple   | Became a worshipper of Qazlal Stormbringer
  5378 | D:6      | Reached XP level 8. HP: 34/58 MP: 5/8
  5915 | D:6      | Reached skill level 9 in Axes
  6096 | D:6      | Found Haqilauwk's Weapon Emporium.
  6362 | D:7      | Reached skill level 10 in Axes
  6491 | D:7      | Mangled by an orc warrior

Vault maps used:
D:1:      eino_arrival_cavern_e, kennysheep_crisscross,
          minmay_shallow_snake_nest
D:4:      first_bread, hangedman_feature_mirror
D:5:      minmay_temple_entry_fiery, uniq_ijyb
D:6:      serial_shops, nicolae_shop_competitors_out_of_business
D:7:      kennysheep_okawaru_gauntlet
Temple:   kilobyte_greek_temple

Skill      XL: |  1  2  3  4  5  6  7  8 |
---------------+-------------------------+-----
Axes           | 3 4 5 7 8 10 | 10.0
Fighting       | |  3.2
Armour         | |  3.2
Shields        | |  3.6
Invocations    | |  0.7

Action                   |  1- 3 |  4- 6 |  7- 9 || total
-------------------------+-------+-------+-------++-------
Melee: War axe           |   119 |   297 |   149 ||   565
       Unarmed           |       |    21 |       ||    21
  Use: Potion            |       |       |     3 ||     3
  Eat: Chunk             |     1 |    11 |     7 ||    19
Armor: Chain mail        |    96 |   164 |       ||   260
       Scale mail        |       |     5 |    66 ||    71
Dodge: Dodged            |    26 |    66 |    54 ||   146
Block: Shield            |    78 |   158 |    78 ||   314

Table legend:
 A = Spawn XP
 B = Non-spawn XP
 C = Spawn XP percentage of total XP
 D = Spawn monster count
 E = Non-spawn monster count
 F = Spawn count percentage of total count
 G = Total turns spent on level
                    A         B        C        D         E        F      G
               +---------+---------+-------+---------+---------+-------+---------
         Total |       0 |    1728 |   0.0 |       0 |     149 |   0.0 |  6491
               +---------+---------+-------+---------+---------+-------+---------
           D:1 |       0 |      76 |   0.0 |       0 |      42 |   0.0 |  1359
           D:2 |       0 |      41 |   0.0 |       0 |      21 |   0.0 |   749
           D:3 |       0 |     123 |   0.0 |       0 |      29 |   0.0 |  1092
           D:4 |       0 |     221 |   0.0 |       0 |      20 |   0.0 |   969
           D:5 |       0 |     425 |   0.0 |       0 |      13 |   0.0 |  1024
           D:6 |       0 |     594 |   0.0 |       0 |      20 |   0.0 |   974
           D:7 |       0 |     248 |   0.0 |       0 |       4 |   0.0 |   172
               +---------+---------+-------+---------+---------+-------+---------
